 Dungeon Crawl Stone Soup version 0.30.0-13-g156ef70053 (webtiles) character file.

Game seed: 3836380677950041764

597 shadeless the Sneak (level 7, -6/58 HPs)
             Began as an Octopode Conjurer on May 17, 2023.
             Was an Initiate of Trog.
             Mangled by Menkaure (8 damage)
             ... on level 5 of the Dungeon.
             The game lasted 01:25:42 (5673 turns).

shadeless the Sneak (Octopode Conjurer)             Turns: 5673, Time: 01:25:43

Health: -6/58      AC: 23    Str: 18    XL:     7   Next: 40%
Magic:  0/10       EV:  2    Int: 20    God:    Trog [......]
Gold:   142        SH:  0    Dex:  9    Spells: 9/10 levels left

rFire   + + .        C - +2 hand axe (freeze)
rCold   + . .        (no shield)
rNeg    . . .        (helmet currently unavailable)
rPois   +            E - amulet of Lovvabrehy {Spirit *Corrode Str+6 Dex-5 Stlth+}
rElec   +            x - ring of wizardry
rCorr   +            g - ring "Gebyovy" {Contam rF+ Will+ Str+5}
SInv    .            (no ring)
Will    +....        (no ring)
Stlth   ++++         (no ring)
HPRegen 0.29/turn    (no ring)
MPRegen 0.12/turn    (no ring)
                     (no ring)

%: corrode self (3%), guardian spirit, wizardry (x1)
@: tree-form, resistant
A: stationary, stasis, torment immunity, boosted hp, almost no armour,
(amphibious), 8 rings, (camouflage 1), (gelatinous body 1), (nimble swimmer 1),
(tentacles), (tentacle spike 1), agile 1, frail 1, evolution 1
a: Renounce Religion


You were on level 5 of the Dungeon.
You worshipped Trog.
Trog was noncommittal.
You were a tree.
You visited 2 branches of the dungeon, and saw 6 of its levels.

You collected 239 gold pieces.
You spent 97 gold pieces at shops.

Inventory:

Hand Weapons
 f - a +0 hand axe
 i - a +0 hand axe
 j - a +0 hand axe
 l - a +0 long sword
 t - a +0 war axe
 u - a +0 flail
 z - a +0 quarterstaff
 A - a +1 shortbow
 C - a +2 hand axe of freezing (weapon)
 D - a +0 flail
 F - a +0 spear
Missiles
 c - 5 javelins (quivered)
 h - 25 stones
 m - 9 poisoned darts
 q - a throwing net
 w - 6 boomerangs
Armour
 b - a +0 cloak
 d - a +0 ring mail
 o - a +0 buckler
Jewellery
 e - an amulet of guardian spirit
 g - the ring "Gebyovy" (right branch) {Contam rF+ Will+ Str+5}
   (You acquired it on level 5 of the Dungeon)

   [ring of protection from fire]

   Str:       It affects your strength (+5).
   rF:        It protects you from fire.
   Contam:    It causes magical contamination when unequipped.
   Will:      It increases your willpower.
 s - an amulet of reflection
 x - a ring of wizardry (left branch)
 E - the amulet of Lovvabrehy (around neck) {Spirit *Corrode Str+6 Dex-5 Stlth+}
   (You found it on level 5 of the Dungeon)

   [amulet of guardian spirit]

   It causes incoming damage to be divided between your reserves of health and
   magic.
   Str:       It affects your strength (+6).
   Dex:       It affects your dexterity (-5).
   *Corrode:  It may corrode you when you take damage.
   Stlth:     It makes you more stealthy.
Scrolls
 U - a scroll of teleportation
Potions
 a - 2 potions of magic
 y - a potion of brilliance
 B - a potion of ambrosia {unknown}


   Skills:
 + Level 1.8 Fighting
 + Level 3.7 Axes
 + Level 2.4 Ranged Weapons
 + Level 3.7 Dodging
 + Level 5.1 Stealth
 + Level 1.2 Shields
 - Level 2.1 Spellcasting
 - Level 4.6 Conjurations
 + Level 1.0 Evocations


You had 9 spell levels left.
You knew the following spells:

 Your Spells              Type           Power      Damage    Failure   Level
a - Magic Dart            Conj           80%        1d7       1%          1

Your spell library contained the following spells:

 Spells                   Type           Power      Damage    Failure   Level
 Searing Ray              Conj           40%        2d5       1%          2
 Momentum Strike          Conj/Tloc      22%        3d8       3%          2
 Beastly Appendage        Tmut           4%         N/A       6%          1
 Freeze                   Ice            8%         1d3       6%          1
 Dazzling Flash           Conj/Hex       22%        N/A       8%          3
 Hailstorm                Conj/Ice       11%        3d5       8%          3
 Blink                    Tloc           4%         N/A       10%         2
 Lesser Beckoning         Tloc           4%         N/A       10%         2
 Wereblood                Tmut           2%         N/A       10%         2
 Frozen Ramparts          Ice            4%         1d1       19%         3
 Inner Flame              Hex/Fire       2%         N/A       19%         3
 Spider Form              Tmut/Pois      2%         N/A       19%         3
 Flame Wave               Conj/Fire      11%        2d6       24%         4
 Fulminant Prism          Conj/Hex       5%         3d7       24%         4
 Iskenderun's Mystic Bla  Conj/Tloc      11%        2d4       24%         4
 Sticky Flame             Conj/Fire      11%        2d3       24%         4


Dungeon Overview and Level Annotations

Branches:
Dungeon (5/15)             Temple (1/1) D:4

Altars:
Cheibriados
Dithmenos
Elyvilon
Fedhas
Gozag
Hepliaklqana
Okawaru
Qazlal
Sif Muna
Trog
Uskayaw
Vehumet
Wu Jian
Zin

Shops:
D:3 ?

Annotations:
D:5 Menkaure


Innate Abilities, Weirdness & Mutations

You are a tree.
Your roots penetrate the ground, keeping you stationary.
You cannot be teleported.
You are immune to unholy pain and torment.
Your maximum health is greatly increased.
You cannot wear most types of armour.
((You are amphibious.))
You can wear up to eight rings at the same time.
((Your skin changes colour to match your surroundings (Stealth+).))
((Your rubbery body absorbs attacks. (AC +1, EV +1)))
((You are camouflaged when in or above water. (Stealth+)))
((You have tentacles for arms and can constrict up to eight enemies at once.))
((One of your tentacles bears a spike.))
You are agile. (Dex +4, Str/Int -1)
You are frail. (-10% HP)
You have hidden genetic potential.


Message History

Found a stone.
Found a stone staircase leading down.
You open the door.
There is an open door here.
You open the door.
Found a stone staircase leading up.
There is an open door here.
There is an open door here.
There is an open door here.
There is an open door here.
You open the door.
There is an open door here.
There is an open door here.
There is an open door here.
You open the door.
There is an open door here.
Menkaure is nearby!
Menkaure is nearby!
Menkaure is nearby!
Menkaure shouts!
Menkaure calls on the powers of darkness!
Your body is wracked with pain!
Menkaure mumbles some strange words.
Menkaure seems to speed up.
Menkaure calls on the powers of darkness!
Your body is wracked with pain!
Menkaure calls on the powers of darkness!
Your body is wracked with pain!
Magic courses through your body.
You feel protected. Menkaure attacks as you move away! Menkaure hits you!!
* * * LOW HITPOINT WARNING * * *
Menkaure misses you.
Really quaff the potion of lignification? [Y]es or [N]o only, please.
Really quaff the potion of lignification? [Y]es or [N]o only, please.
Really quaff the potion of lignification?
You turn into a tree.
Your roots penetrate the ground.
Menkaure hits you!
You die...

#.........######.##....
#.........#...##.##....
#.........#.......(....
#.........#............
#.........#............
#.........#....>.......
#.....))..########...##
#........).......#...##
#.....♣M.........#.....
#................#.....
#................'.....
#............[...#...(.
#................#.....
###................######
#....####'####...........
##...........#...........
#...........#†..........


You could see Menkaure (fast).

Vanquished Creatures
  A centaur (D:5)
  3 scorpions (D:5)
  A hound (D:5)
  A jelly (D:5)
  A gnoll bouda (D:5)
  Ijyb (D:3)
  2 iguanas
  5 adders
  4 gnolls (D:5)
  2 ufetubi
  2 worms
  A dart slug (D:2)
  7 orcs
  8 ball pythons
  7 endoplasms
  6 giant cockroaches
  9 goblins
  2 hobgoblins
  4 quokkas
  5 bats
  3 frilled lizards
  5 kobolds
  7 rats
87 creatures vanquished.

Notes
Turn   | Place    | Note
-------+----------+-------------------------------------------
     0 | D:1      | shadeless the Octopode Conjurer began the quest for the
                  | Orb.
     0 | D:1      | Reached XP level 1. HP: 11/11 MP: 3/3
   146 | D:1      | Reached XP level 2. HP: 17/17 MP: 5/5
   703 | D:1      | Reached XP level 3. HP: 21/21 MP: 6/6
   819 | D:2      | Reached skill level 3 in Stealth
   935 | D:2      | Reached skill level 1 in Axes
  1040 | D:2      | Upgraded the game from 0.30.0-11-gf55b779eaf to
                  | 0.30.0-13-g156ef70053
  1517 | D:2      | Reached XP level 4. HP: 27/27 MP: 7/7
  1714 | D:2      | Found a shimmering blue altar of Sif Muna.
  2159 | D:3      | Found Jeqiset's Magic Scroll Emporium.
  2413 | D:3      | Noticed Ijyb
  2420 | D:3      | Killed Ijyb
  3176 | D:4      | Reached XP level 5. HP: 25/32 MP: 8/8
  3493 | D:4      | Found a staircase to the Ecumenical Temple.
  3511 | Temple   | Entered the Ecumenical Temple
  3566 | Temple   | Became a worshipper of Trog the Wrathful
  3618 | D:4      | Reached skill level 1 in Fighting
  3649 | D:4      | Reached skill level 4 in Stealth
  3723 | D:4      | Found a shadowy altar of Dithmenos.
  4145 | D:5      | Entered Level 5 of the Dungeon
  4145 | D:5      | Noticed a centaur
  4151 | D:5      | Killed a centaur
  4152 | D:5      | Reached XP level 6. HP: 14/38 MP: 9/9
  4385 | D:5      | Reached skill level 5 in Stealth
  4544 | D:5      | Found a glowing silver altar of Zin.
  4769 | D:3      | Bought a scroll of enchant weapon for 97 gold pieces
  4866 | D:5      | Identified the amulet of Lovvabrehy {Spirit *Corrode Str+6
                  | Dex-5 Stlth+}
  4891 | D:5      | Found a radiant altar of Vehumet.
  4911 | D:5      | Reached skill level 1 in Ranged Weapons
  5017 | D:5      | Reached skill level 1 in Shields
  5049 | D:5      | Reached XP level 7. HP: 44/44 MP: 10/10
  5052 | D:5      | Found a white marble altar of Elyvilon.
  5114 | D:5      | Identified a scroll of acquirement
  5115 | D:5      | Acquired the ring "Gebyovy" {Contam rF+ Will+ Str+5}
  5295 | D:5      | Noticed Menkaure
  5397 | D:5      | Gained mutation: One of your tentacles bears a spike.
                  | [potion of mutation]
  5397 | D:5      | Gained mutation: You are agile. (Dex +4, Str/Int -1)
                  | [potion of mutation]
  5397 | D:5      | Gained mutation: You are frail. (-10% HP) [potion of
                  | mutation]
  5397 | D:5      | Gained mutation: You have hidden genetic potential. [potion
                  | of mutation]
  5522 | D:5      | Reached skill level 1 in Evocations
  5672 | D:5      | HP: 1/39 [Menkaure (13)]
  5673 | D:5      | Mangled by Menkaure

Illustrated notes

Levels and vault maps discovered:
D:1:      dpeg_arrival_refuge, layout_rooms, serial_glass, glass_columns_b,
          glass_columns_a, glass_columns_a, glass_columns_c, glass_columns_a,
          glass_columns_b, glass_columns_b, glass_columns_a, glass_columns_c,
          glass_columns_a, chequers_serial_rivers_large_b
D:2:      layout_basic, basic_altar
D:3:      layout_loops_cross, serial_shops, shop_scrolls, minivault_27,
          glass_columns_c, uniq_ijyb
D:4:      layout_loops_corners, pf_just_have_faith, minmay_temple_entry_waves
D:5:      layout_gridville, marbit_many_paths, hangedman_feature_mirror,
          uniq_menkaure
Temple:   nicolae_temple_ecumenical_triangle

Skill      XL: |  1  2  3  4  5  6  7 |
---------------+----------------------+-----
Stealth        | 3 4 5 |  5.1
Axes           | 1 2 3 |  3.7
Fighting       | 1 |  1.8
Ranged Weapons | 2 |  2.4
Shields        | 1 |  1.2
Dodging        | 3 |  3.7
Evocations     | 1 |  1.0
Spellcasting   | |  2.1
Conjurations   | |  4.6

Action                     |  1- 3 |  4- 6 |  7- 9 || total
---------------------------+-------+-------+-------++-------
  Melee: War axe           |    65 |    50 |       ||   115
         Constrict         |    18 |    14 |     5 ||    37
         Tentacles         |    12 |    11 |     7 ||    30
         Hand axe          |       |     3 |    15 ||    18
   Fire: Shortbow          |       |    41 |       ||    41
  Throw: Javelin           |       |       |     1 ||     1
  Evoke: Wand              |       |    13 |    11 ||    24
    Use: Potion            |     2 |     7 |     7 ||    16
         Scroll            |     1 |     8 |     3 ||    12
   Stab: Sleeping          |     8 |    11 |       ||    19
 Armour: Skin              |    10 |     9 |       ||    19
  Dodge: Dodged            |    76 |    70 |    11 ||   157
  Block: Buckler           |       |     8 |       ||     8
         Reflection        |       |     3 |       ||     3
         Other             |       |    16 |       ||    16
